 Dungeon Crawl Stone Soup version 0.19.5 (webtiles) character file.

43 equalderp2856 the Sneak (level 3, -14/16 HPs)
             Began as a Felid Ice Elementalist on Apr 1, 2017.
             Engulfed by a cloud of freezing vapour (30 damage)
             ... on level 1 of the Dungeon.
             The game lasted 00:09:30 (3935 turns).

equalderp2856 the Sneak (Felid Ice Elementalist)    Turns: 3935, Time: 00:09:30

Health: -14/16     AC:  1    Str:  5    XL:     3   Next: 37%
Magic:  3/7        EV: 19    Int: 16    God:
Gold:   53         SH:  0    Dex: 16    Spells: 3 memorised, 0 levels left
                                        Lives:  0   Deaths: 1

rFire  . . .     SeeInvis +       - Unarmed
rCold  . . .     Gourm    .     (armour unavailable)
rNeg   . . .     Faith    .     (shield unavailable)
rPois  .         Spirit   .     (helmet unavailable)
rElec  .         Reflect  .     (cloak unavailable)
rCorr  .         Harm     .     (gloves unavailable)
MR     .....                    (boots unavailable)
Stlth  +++.......               (no amulet)
                                (no ring)
                                (no ring)

@: very slightly contaminated, quick
A: no armour, no weapons or thrown items, stealth, claws 1, fangs 3, see
invisible, carnivore 3, speed 1, shaggy fur 1, slow metabolism 1, sharp paws
a: no special abilities


You were on level 1 of the Dungeon.
You were not hungry.

You visited 1 branch of the dungeon, and saw 3 of its levels.

You collected 53 gold pieces.

Inventory:

Jewellery
 g - an uncursed ring of protection from fire {unknown}
Wands
 i - a wand of random effects (24/48)
Scrolls
 c - a scroll of enchant weapon {unknown}
 d - a scroll of blinking {unknown}
 j - a scroll of identify {unknown}
Potions
 e - a potion of degeneration {unknown}
 f - a potion of heal wounds {unknown}
 h - 2 potions of flight {unknown}
Books
 a - a book of Frost

   Spells                             Type                      Level
   a - Freeze                         Ice                          1
   b - Throw Frost                    Conjuration/Ice              2
   c - Ozocubu's Armour               Charms/Ice                   3
   d - Throw Icicle                   Conjuration/Ice              4
   e - Summon Ice Beast               Ice/Summoning                4
Comestibles
 b - a meat ration
 k - a royal jelly


   Skills:
 * Level 1.7 Fighting
 * Level 3.8 Dodging
 * Level 3.9 Stealth
 * Level 1.6 Unarmed Combat
 - Level 2.0 Spellcasting
 * Level 1.3 Conjurations
 - Level 2.6 Ice Magic


You couldn't memorise any spells.
You knew the following spells:

 Your Spells              Type           Power        Failure   Level  Hunger
a - Freeze                Ice            ##..         10%         1    #......
b - Throw Frost           Conj/Ice       #.....       14%         2    ###....
c - Summon Ice Beast      Ice/Summ       #.......     96%         4    #####..


Dungeon Overview and Level Annotations

Branches:
Dungeon (3/15)

Altars:


Innate Abilities, Weirdness & Mutations

You cannot wear armour.
You are incapable of wielding weapons or throwing items.
Your paws allow you to move quietly. (Stealth)
You have sharp claws.
You have razor-sharp teeth.
You have supernaturally acute eyesight. (SInv)
You are carnivorous and can eat meat at any time.
You cover ground quickly.
You are covered in fur. (AC +1)
You have a slow metabolism.
Your sharp claws are effective at attacking unaware monsters.


Message History

The worker ant poisons you!
You climb upwards.
You die...
You feel sick.
You are now level 3!
You rejoin the land of the living...
Things that are here:
15 stones; a dagger; a hunting sling
There is a stone staircase leading up here.
You see here a club.
You climb upwards.
There is a stone staircase leading down here.
Casting: Freeze
Confirm with . or Enter, or press ? or * to list all spells.
The spell is very dangerous to cast!
Continue anyway?
You miscast Summon Ice Beast.
You are very lightly contaminated with residual magic.
Freezing gases pour from your paws!
You are engulfed in freezing vapours.
Ouch! That really hurt!
You die...

## #..+..........#.# #.# .#
#.##..........#.#####.# .##
#.#......####.#.....#.# ..#
#.#.####.# #.#####.#.# #.##
#.#.#..#.# #.# #.#.# #..#
#.#....#.# #.#####.#.# ##.#
#.####.#.# #.......#.#
##.####......§§############.#
.............§§§@§§.........#
.......).#.#.################
###.####.#.#.# #.# #.#.#.#
#.## #.#.#.# ##..###.#.#.#
#.....#.#.#.#
#.....#.#.#.#####
#.....#.#.......##


There were no monsters in sight!

Vanquished Creatures
  Robin (D:1)
  3 gnolls (D:2)
  A worm (D:2)
  9 bats
  4 giant cockroaches (D:1)
  11 goblins
  4 hobgoblins
  3 jackals (D:1)
  A quokka (D:2)
  A ball python (D:1)
  3 frilled lizards
  3 kobolds
  8 rats
52 creatures vanquished.

Notes
Turn   | Place    | Note
-------+----------+-------------------------------------------
     0 | D:1      | equalderp2856 the Felid Ice Elementalist began the quest for the Orb.
     0 | D:1      | Reached XP level 1. HP: 7/7 MP: 4/4
   433 | D:1      | Reached XP level 2. HP: 12/12 MP: 4/6
   481 | D:1      | Reached skill level 1 in Fighting
  1329 | D:1      | Reached XP level 3. HP: 15/15 MP: 5/7
  1945 | D:2      | Noticed Robin
  2126 | D:2      | Learned a level 2 spell: Throw Frost
  2292 | D:2      | Reached skill level 1 in Conjurations
  2564 | D:2      | Reached skill level 1 in Unarmed Combat
  2720 | D:1      | Killed Robin
  2849 | D:1      | Noticed an ice beast
  3182 | D:2      | Reached XP level 4. HP: 17/19 MP: 1/8
  3250 | D:1      | Learned a level 4 spell: Summon Ice Beast
  3916 | D:2      | Succumbed to a worker ant's poison
  3917 | D:2      | Reached XP level 3. HP: 0/16 MP: 1/7
  3935 | D:1      | Engulfed by a cloud of freezing vapour

Skill      XL: |  1  2  3 |
---------------+----------+-----
Stealth        | 3 |  3.9
Dodging        | 3 |  3.8
Fighting       | 1 |  1.7
Conjurations   | 1 |  1.3
Unarmed Combat | 1 |  1.6
Spellcasting   | |  2.0
Ice Magic      | |  2.6

Action                   |  1- 3 |  4- 6 || total
-------------------------+-------+-------++-------
Melee: Unarmed           |    71 |    12 ||    83
       Bite              |     3 |       ||     3
 Cast: Freeze            |    50 |    14 ||    64
       Throw Frost       |    15 |     7 ||    22
 Stab: Sleeping          |     5 |       ||     5
  Eat: Chunk             |    10 |       ||    10
Armor: Skin              |     1 |       ||     1
Dodge: Dodged            |   103 |    19 ||   122
